AoeStats
← 瓦兰吉程咬金三板斧

Oasis

510064284Analyzed
4v4 RM · 4d ago on Sep 29, 2026· 30m 33s· 8 players
Game mode
Random Map
Map size
Large (8 player)
Population
200
Speed
Normal
Resources
Standard
Victory
Conquest
Starting age
Dark Age
Ending age
Imperial Age
RankedLock teamsTeams togetherTeam positionsShared explorationLock speedFull tech treeHidden civsTurbo modeCheats
Victory
Defeat
🇭🇰 Tupi · Hong Kong SAR China
1541
+13
🇨🇳 Ethiopians · China
1496
+15
🇹🇷 Sicilians · Türkiye
1412
+18
🇹🇷 Burmese · Türkiye
1384
+19
1491
-17
🇲🇴 Vikings · Macao SAR China
1485
-17
🇩🇪 Burgundians · Germany
1475
-17
🇫🇷 Celts · France
1404
-14
hermelin*?
3:00 Loom
10:22 Feudal Age
18:50 Fletching
23:12 Double-Bit Axe
27:03 Castle Age
27:07 Crossbowman
N4Th-.-
9:04 Feudal Age
7:22 Loom
9:57 Double-Bit Axe
13:13 Horse Collar
16:23 Scale Barding Armor
20:07 Castle Age
18:29 Gold Mining
21:00 Bow Saw
25:03 Heavy Plow
28:16 Wheelbarrow
28:06 Ballistics
屁屁人
9:21 Feudal Age
9:43 Man-at-Arms
10:45 Loom
18:00 Padded Archer Armor
17:53 Fletching
18:45 Arson
19:41 Scale Mail Armor
20:40 Forging
26:10 Castle Age
24:39 Stone Mining
24:41 Double-Bit Axe
27:15 Chain Mail Armor
27:36 Squires
28:14 Town Watch
瓦兰吉程咬金三板斧
9:07 Feudal Age
9:42 Double-Bit Axe
10:03 Loom
17:07 Scale Barding Armor
18:57 Forging
19:23 Bloodlines
25:52 Castle Age
24:09 Horse Collar
24:35 Gold Mining
25:54 Light Cavalry
27:15 Chain Barding Armor
27:12 Bow Saw
28:18 Wheelbarrow
29:01 Husbandry
30:39 Iron Casting
啦啦啦啦啦啦
10:40 Feudal Age
12:15 Double-Bit Axe
14:50 Castle Age
13:29 Horse Collar
14:26 Fletching
14:53 Crossbowman
16:22 Bodkin Arrow
17:12 Loom
23:36 Ballistics
23:35 Padded Archer Armor
25:15 Gold Mining
你朋友
8:48 Feudal Age
7:50 Loom
8:54 Champi Runner
9:24 Double-Bit Axe
10:07 Loom
14:31 Fletching
22:03 Castle Age
20:12 Padded Archer Armor
20:45 Horse Collar
23:18 Wheelbarrow
22:36 Gold Mining
23:08 Bodkin Arrow
22:46 Crossbowman
24:40 Town Watch
25:57 Ballistics
26:41 Bow Saw
Lothwen
6:20 Loom
6:28 Loom
9:15 Feudal Age
14:56 Forging
16:34 Horse Collar
18:06 Wheelbarrow
19:37 Bloodlines
20:27 Scale Barding Armor
23:47 Castle Age
24:07 Light Cavalry
25:10 Chain Barding Armor
25:33 Gold Mining
Raskolnikov
7:34 Loom
9:45 Feudal Age
13:09 Horse Collar
19:20 Double-Bit Axe
24:33 Scale Mail Armor
24:46 Forging
27:08 Castle Age
28:27 Chain Mail Armor
29:18 Squires
Connection lost

Rejoining the realm…

Still unreachable

The connection could not be restored.

Session expired

The server has moved on; the page needs a fresh start.